 Dungeon Crawl Stone Soup version 0.18.1-8-gdd0e5ea (webtiles) character file.

349 Gargoyl the Skirmisher (level 6, -7/48 HPs)
             Began as a Demonspawn Abyssal Knight on June 2, 2016.
             Was a Believer of Lugonu.
             Mangled by an ogre
             ... wielding a +0 giant spiked club
              (26 damage)
             ... on level 4 of the Dungeon.
             The game lasted 00:08:01 (4087 turns).

Gargoyl the Skirmisher (Demonspawn Abyssal Knight)  Turns: 4087, Time: 00:08:01

Health: -7/48      AC: 10    Str: 14    XL:     6   Next: 33%
Magic:  8/8        EV:  7    Int: 13    God:    Lugonu [**....]
Gold:   83         SH:  7    Dex: 15    Spells: 0 memorised, 5 levels left

rFire  . . .     SeeInvis .     a - +1 hand axe
rCold  + . .     Gourm    .     h - +0 scale mail
rNeg   . . .     Faith    .     j - +0 shield
rPois  .         Spirit   .     D - +0 helmet
rElec  .         Dismiss  .     n - +0 cloak
rCorr  .         Reflect  .     m - +0 pair of gloves (curse)
SustAt .         Harm     .     (boots unavailable)
MR     .....                    (no amulet)
Stlth  ..........               (no ring)
                                (no ring)

@: not resistant to hostile enchantments, extremely unstealthy
A: hooves 3, thin skeletal structure 1, cold resistance 1
a: Depart the Abyss, Bend Space, Renounce Religion


You were on level 4 of the Dungeon.
You worshipped Lugonu.
Lugonu was pleased with you.
You were not hungry.

You visited 1 branch of the dungeon, and saw 4 of its levels.
You visited the Abyss 1 time.

You collected 168 gold pieces.
You spent 85 gold pieces at shops.

Inventory:

Hand Weapons
 a - a +1 hand axe (weapon)
 b - a +0 spear
Missiles
 t - 7 steel javelins (quivered)
Armour
 h - a +0 scale mail (worn)
 j - a +0 shield (worn)
 m - a cursed +0 pair of gloves (worn)
 n - a +0 cloak (worn)
 D - a +0 helmet (worn)
Jewellery
 A - an uncursed ring of ice
Wands
 x - a wand of paralysis (13/24)
 C - a wand of paralysis (11/24)
Scrolls
 d - 2 scrolls of identify
 f - 2 scrolls of blinking {unknown}
 g - a scroll of enchant armour {unknown}
 p - 3 scrolls of remove curse {unknown}
 q - a scroll of immolation {unknown}
 s - 2 scrolls of teleportation {unknown}
 v - 3 scrolls of recharging {unknown}
 y - a scroll of fog {unknown}
 B - a scroll of random uselessness {unknown}
Potions
 k - 2 potions of brilliance
 r - a potion of heal wounds {unknown}
 w - a potion of cure mutation {unknown}
 z - a potion of flight {unknown}
Comestibles
 c - 3 bread rations
 i - a meat ration
 l - a royal jelly
 u - a beef jerky


   Skills:
 + Level 4.3 Fighting
 + Level 2.6 Axes
 * Level 4.0 Armour
 + Level 2.1 Dodging
 + Level 0.4 Stealth
 + Level 1.0 Shields
 + Level 3.0 Invocations


You had 5 spell levels left.
You didn't know any spells.

Dungeon Overview and Level Annotations

Branches:
Dungeon (4/15)
 Temple: D:4-7

Altars:
Pakellas

Shops:
D:4 [


Innate Abilities, Weirdness & Mutations

You have hooves in place of feet.
You have a somewhat thin skeletal structure (Dex +2, Stealth).
Your flesh is cold resistant.


Message History

Throwing (i - inventory):
t - 8 steel javelins (quivered)
Press: ? - help, Shift-Dir - straight line, f - ogre
Aim: an ogre, wielding a giant spiked club You throw a steel javelin.
The steel javelin hits the ogre.
The ogre is lightly wounded.
You hit the ogre.
The ogre is moderately wounded.
The ogre hits you with a giant spiked club!
Your shield and scale mail prevent you from hitting the ogre.
You kick the ogre.
The ogre is moderately wounded.
The ogre hits you with a giant spiked club!
You hit the ogre.
The ogre is heavily wounded.
Your shield and scale mail prevent you from hitting the ogre.
Your kick misses the ogre.
The ogre is heavily wounded.
The ogre hits you with a giant spiked club!!
Ouch! That really hurt!
You die...

# # ♣ .#.# #. #.#.##
#.♣#♣.♣#♣......
#...(.O....#.## #
♣@♣.....#
#.####....#..#
#......>......
########.........#..#
#...[...#.#####.##..#
#.#####.#.# .... #.#
#.#.# ##..# #.# #.#.#
##...## #.# #.#'#
##.....# ###


You could see an ogre.

Vanquished Creatures
  A phantom (D:4)
  A howler monkey (D:4)
  2 orc wizards
  Ijyb (D:2)
  3 adders
  4 worms
  5 dart slugs
  2 giant geckos (D:1)
  8 orcs
  3 giant cockroaches
  8 goblins
  8 hobgoblins
  4 jackals (D:2)
  11 kobolds
  2 quokkas
  6 bats
  A giant newt (D:4)
  12 rats
82 creatures vanquished.

Notes
Turn   | Place    | Note
--------------------------------------------------------------
     0 | Abyss:1  | Gargoyl the Demonspawn Abyssal Knight began the quest for the Orb.
     0 | Abyss:1  | Reached XP level 1. HP: 18/18 MP: 2/2
   109 | Abyss:4  | Found a corrupted altar of Lugonu.
   137 | Abyss:4  | Noticed a wretched star
   138 | D:1      | Escaped the Abyss
   192 | D:1      | Reached * piety under Lugonu
   192 | D:1      | Reached skill level 1 in Dodging
   296 | D:1      | Gained mutation: You have a somewhat thin skeletal structure (Dex +2, Stealth). [demonic ancestry]
   296 | D:1      | Reached XP level 2. HP: 22/24 MP: 4/4
  1270 | D:2      | Gained mutation: You have large cloven feet. [demonic ancestry]
  1270 | D:2      | Reached XP level 3. HP: 29/29 MP: 5/5
  1548 | D:2      | Found an oddly glowing altar of Pakellas.
  1700 | D:2      | Reached ** piety under Lugonu
  1885 | D:2      | Noticed Ijyb
  1901 | D:2      | Killed Ijyb
  1901 | D:2      | Gained mutation: You have hoof-like feet. [demonic ancestry]
  1901 | D:2      | Reached XP level 4. HP: 37/37 MP: 6/6
  2774 | D:3      | Reached skill level 1 in Shields
  2774 | D:3      | Gained mutation: Your flesh is cold resistant. [demonic ancestry]
  2774 | D:3      | Reached XP level 5. HP: 7/42 MP: 7/7
  3554 | D:4      | Found Ceheelikk's Antique Armour Shop.
  3743 | D:4      | Bought a helmet for 85 gold pieces
  3854 | D:4      | Noticed a phantom
  3904 | D:4      | Killed a phantom
  3904 | D:4      | Gained mutation: You have hooves in place of feet. [demonic ancestry]
  3904 | D:4      | Reached XP level 6. HP: 20/48 MP: 8/8
  4087 | D:4      | Mangled by an ogre

Skill      XL: |  1  2  3  4  5 |
---------------+----------------+-----
Dodging        | 1 2 |  2.1
Armour         | 2 3 4 |  4.0
Invocations    | 3 |  3.0
Axes           | 2 |  2.6
Fighting       | 4 |  4.3
Shields        | 1 |  1.0
Stealth        | |  0.4

Action                   |  1- 3 |  4- 6 || total
-------------------------+-------+-------++-------
Melee: Hand axe          |   131 |   220 ||   351
       Kick              |       |     1 ||     1
Throw: Javelin           |       |     1 ||     1
Invok: Depart the Abyss  |     1 |       ||     1
  Use: Potion            |     2 |     1 ||     3
       Scroll            |       |     1 ||     1
  Eat: Chunk             |     3 |     7 ||    10
       Beef jerky        |       |     1 ||     1
Armor: Scale mail        |    83 |   131 ||   214
       Leather armour    |     1 |       ||     1
Dodge: Dodged            |    36 |    62 ||    98
Block: Shield            |    50 |    70 ||   120
